AoeStats
← 17_Neo_

Arabia

508186456Analyzed
1v1 RM · 11d ago on Sep 21, 2026· 30m 25s· 2 players
Game mode
Random Map
Map size
Tiny (2 player)
Population
200
Speed
Normal
Resources
Standard
Victory
Conquest
Starting age
Dark Age
Ending age
Imperial Age
RankedLock teamsTeams togetherTeam positionsShared explorationLock speedFull tech treeHidden civsTurbo modeCheats
Victory
Defeat
🇫🇷 Burmese · France
1714
+15
🇨🇴 Sicilians · Colombia
1683
-15
17_Neo_
7:15 Loom
9:40 Feudal Age
10:10 Double-Bit Axe
10:05 Horse Collar
19:27 Castle Age
17:20 Gold Mining
19:15 Bloodlines
18:59 Fletching
19:16 Scale Barding Armor
19:23 Town Watch
20:43 Chain Barding Armor
20:21 Elite Skirmisher
21:40 Fletching
22:44 Bodkin Arrow
23:44 Husbandry
25:04 Forging
25:00 Light Cavalry
26:50 Ballistics
27:13 Devotion
30:12 Pikeman
B.
5:47 Loom
8:49 Feudal Age
9:31 Horse Collar
18:16 Castle Age
16:40 Gold Mining
19:16 Heavy Plow
20:11 Wheelbarrow
22:12 Bloodlines
24:27 Husbandry
26:40 Scale Barding Armor
27:49 Chain Barding Armor
29:00 Forging
Connection lost

Rejoining the realm…

Still unreachable

The connection could not be restored.

Session expired

The server has moved on; the page needs a fresh start.